 Dungeon Crawl Stone Soup version 0.29.0-4-gdea44cf6ec (webtiles) character file.

Game seed: 317914209613419194

435 qw the Chopper (level 7, -5/40 HPs)
             Began as a Tengu Warper on Aug 28, 2022.
             Killed by divine providence
             ... invoked by an orc priest
              (13 damage)
             ... on level 5 of the Dungeon.
             The game lasted 00:00:29 (4664 turns).

qw the Chopper (Tengu Warper)                       Turns: 4664, Time: 00:00:29

Health: -5/40      AC: 12    Str: 14    XL:     7   Next: 0%
Magic:  11/11      EV: 11    Int: 13    God:
Gold:   113        SH:  0    Dex: 13    Spells: 10/10 levels left

rFire   + . .      SeeInvis .   Y - +1 war axe
rCold   + . .      Faith    .   (no shield)
rNeg    . . .      Spirit   .   b - +0 chain mail
rPois   .          Reflect  .   (helmet restricted)
rElec   .          Harm     .   j - scarf {rC+ rF+}
rCorr   .          Rampage  .   (no gloves)
Will    .....                   (boots unavailable)
Stlth   ..........              (no amulet)
HPRegen 0.13/turn               g - +4 ring of evasion
MPRegen 0.12/turn               i - +4 ring of protection

@: about to teleport, flying quickly and evasively, quick
A: beak, talons 3, nimble flight
a: no special abilities


You were on level 5 of the Dungeon.
You visited 1 branch of the dungeon, and saw 5 of its levels.

You collected 284 gold pieces.
You spent 171 gold pieces at shops.


Innate Abilities, Weirdness & Mutations

You have a beak for a mouth.
You have claws for feet.
Your magical nature lets you fly swiftly and evasively.


   Skills:
 + Level 2.9 Fighting
 - Level 7.2 Axes
 - Level 1.0 Throwing
 - Level 2.2 Armour
 - Level 2.1 Dodging
 - Level 2.0 Spellcasting
 - Level 2.4 Translocations


You had 10 spell levels left.
You didn't know any spells.
Your spell library contained the following spells:

 Spells                   Type           Power      Damage    Failure   Level
 Blink                    Tloc           14%        N/A       98%         2
 Gell's Gravitas          Tloc           7%         N/A       100%        3
 Lesser Beckoning         Tloc           7%         N/A       100%        3
 Teleport Other           Tloc           7%         N/A       100%        3
 Manifold Assault         Tloc           7%         N/A       100%        5

Inventory:

Hand Weapons
 l - a +0 flail
 Y - a +1 war axe (weapon)
Armour
 b - a +0 chain mail (worn)
 c - a +0 pair of gloves
 j - a scarf of resistance (worn)
Jewellery
 e - a ring of fire
 g - a +4 ring of evasion (left hand)
 i - a +4 ring of protection (right hand)
Scrolls
 a - 3 scrolls of identify
 d - a scroll of vulnerability {unknown}
Potions
 m - a potion of might

Dungeon Overview and Level Annotations

Branches:
Dungeon (5/15)
 Temple: D:4-7

Altars:
Ashenzari
Cheibriados
Makhleb
Ru
Uskayaw

Shops:
D:3 [   D:5 [


Message History

You slash the howler monkey!
You kill the howler monkey!
You barely miss the orc. The orc barely misses you.
You slash the orc!
You kill the orc!
The orc priest invokes the aid of Beogh against you.
Pain shoots through your body!
You hit the orc priest. You claw the orc priest.
You peck the orc priest, but do no damage.
The orc priest is heavily wounded.
The orc priest invokes the aid of Beogh against you.
Beogh smites you!
An orc priest comes into view. It is wielding a +0 dagger.
You barely miss the orc priest.
You peck the orc priest, but do no damage.
The orc priest is heavily wounded.
The orc priest hits you but does no damage.
You closely miss the orc priest.
The orc priest is heavily wounded.
The orc priest hits you but does no damage.
An orc priest comes into view. It is wielding a +0 morningstar.
You barely miss the orc priest.
You peck the orc priest, but do no damage.
The orc priest is heavily wounded.
The orc priest hits you but does no damage.
You slash the orc priest!
You kill the orc priest!
The orc priest calls down the wrath of Beogh upon you.
Beogh smites you!
You have reached level 7!
4663 ||| READING scroll of teleportation.
As you read the scroll of teleportation, it crumbles to dust.
You feel strangely unstable.
The orc priest hits you but does no damage.
You closely miss the orc priest. You peck the orc priest.
The orc priest is lightly wounded.
The orc priest invokes the aid of Beogh against you.
Beogh smites you!
You die...

... ###+#
##o ....
..#.##o.
..###.#...#
..#...#.#
#.....##
#..o#.##
#......#
#)o##.....
#.#@# ...
..##.# #.#
#.# #.# #.#
#. #.# #.#
# #.### #.#
#...# #.#
###.# #.#
#.# #.# #.#
##.##


You could see 2 orc priests.

Vanquished Creatures
  A water moccasin (D:5)
  2 howler monkeys
  An orc priest (D:5)
  A hound (D:4)
  5 adders
  4 gnolls (D:4)
  An ufetubus (D:5)
  5 worms
  4 dart slugs
  5 orcs
  5 bats
  7 endoplasms
  6 giant cockroaches
  4 goblins
  7 hobgoblins
  4 quokkas
  9 ball pythons
  2 frilled lizards
  5 kobolds
  7 rats
85 creatures vanquished.

Notes
Turn   | Place    | Note
-------+----------+-------------------------------------------
     0 | D:1      | qw the Tengu Warper began the quest for the Orb.
     0 | D:1      | Reached XP level 1. HP: 12/12 MP: 4/4
     0 | D:1      | 0 ||| qw: Version: 0.1-a-89-g26bdef1
     0 | D:1      | 0 ||| qw: Game counter: 1786
     0 | D:1      | 0 ||| qw: Always use a shield: true
     0 | D:1      | 0 ||| qw: God list: Okawaru
     0 | D:1      | 0 ||| qw: Allow faded altars: false
     0 | D:1      | 0 ||| qw: Do Orc after D:15 true
     0 | D:1      | 0 ||| qw: Do second Lair branch before Depths: true
     0 | D:1      | 0 ||| qw: Lair rune preference: random
     0 | D:1      | 0 ||| qw: Plans: Normal
     0 | D:1      | 0 ||| PLANNING D:1-11
   358 | D:1      | Reached skill level 3 in Axes
   358 | D:1      | Reached XP level 2. HP: 17/17 MP: 6/6
   397 | D:1      | 397 ||| Stepping ~*~*~tactically~*~*~ (stealth).
   398 | D:1      | 398 ||| Stepping ~*~*~tactically~*~*~ (stealth).
   622 | D:1      | Found a faded altar of an unknown god.
  1084 | D:1      | 1084 ||| UPGRADING to +0 scale mail.
  1094 | D:1      | 1094 ||| DROPPING +0 leather armour.
  1095 | D:1      | 1095 ||| UPGRADING to scarf of resistance.
  1100 | D:1      | 1100 ||| READING 2 scrolls labelled UZXOAW IRAE.
  1101 | D:1      | 1101 ||| READING scroll labelled OTHREOVA DAID.
  1223 | D:1      | 1223 ||| READING scroll labelled TIELESUERO.
  1224 | D:1      | 1224 ||| READING scroll labelled JAUPYM KU ABIE.
  1227 | D:1      | 1227 ||| DROPPING scroll of blinking.
  1248 | D:2      | 1248 ||| STAIRDANCE
  1339 | D:2      | Reached XP level 3. HP: 19/21 MP: 7/7
  1372 | D:2      | 1372 ||| Stepping ~*~*~tactically~*~*~ (hiding).
  1471 | D:2      | Found a broken altar of Ashenzari.
  1491 | D:2      | Reached skill level 4 in Axes
  1496 | D:2      | 1496 ||| Stepping ~*~*~tactically~*~*~ (stealth).
  1500 | D:2      | 1500 ||| Stepping ~*~*~tactically~*~*~ (stealth).
  1514 | D:2      | 1514 ||| Stepping ~*~*~tactically~*~*~ (stealth).
  1517 | D:2      | 1517 ||| Stepping ~*~*~tactically~*~*~ (stealth).
  1753 | D:2      | Reached XP level 4. HP: 26/26 MP: 8/8
  1824 | D:2      | 1824 ||| Stepping ~*~*~tactically~*~*~ (stealth).
  1881 | D:2      | 1881 ||| Stepping ~*~*~tactically~*~*~ (stealth).
  1940 | D:2      | 1940 ||| UPGRADING to ring of protection from cold.
  1941 | D:2      | 1941 ||| READING scroll labelled DUAFAO CEINK.
  1942 | D:2      | 1942 ||| READING 2 scrolls of identify.
  1942 | D:2      | 1942 ||| IDENTIFYING viscous puce potion
  1943 | D:2      | 1943 ||| DROPPING potion of brilliance.
  1983 | D:2      | 1983 ||| Stepping randomly (stuck).
  2041 | D:2      | 2041 ||| Stepping randomly (stuck).
  2049 | D:3      | Found Maok's Antique Armour Boutique.
  2053 | D:3      | 2053 ||| BUYING chain mail (117 gold).
  2053 | D:3      | Bought a chain mail for 117 gold pieces
  2053 | D:3      | 2053 ||| SHOPLISTING pair of glowing gloves (195 gold, have
                  | 13).
  2053 | D:3      | 2053 ||| SHOPLISTING runed scarf (208 gold, have 13).
  2276 | D:3      | Reached skill level 5 in Axes
  2414 | D:3      | Found a hide-covered altar of Uskayaw.
  2423 | D:3      | Found a sacrificial altar of Ru.
  2575 | D:3      | 2575 ||| Stepping ~*~*~tactically~*~*~ (hiding).
  2576 | D:3      | 2576 ||| SWAPPING to +0 war axe.
  2585 | D:3      | 2585 ||| DROPPING +0 hand axe.
  3262 | D:3      | 3262 ||| UPGRADING to +0 chain mail.
  3272 | D:3      | 3272 ||| DROPPING +0 scale mail.
  3273 | D:3      | 3273 ||| UPGRADING to +4 ring of protection.
  3274 | D:3      | 3274 ||| READING scroll labelled LIOSOA TURETO.
  3275 | D:3      | 3275 ||| READING 2 scrolls of identify.
  3275 | D:3      | 3275 ||| IDENTIFYING smoky grey potion
  3276 | D:3      | 3276 ||| DROPPING potion of ambrosia.
  3355 | D:4      | Found a burning altar of Makhleb.
  3395 | D:4      | Gained mutation: Your magical nature lets you fly swiftly
                  | and evasively. [Tengu growth]
  3395 | D:4      | Reached XP level 5. HP: 30/30 MP: 9/9
  3505 | D:4      | 3505 ||| Stepping ~*~*~tactically~*~*~ (stealth).
  3555 | D:4      | Found a snail-covered altar of Cheibriados.
  3669 | D:4      | 3669 ||| Stepping ~*~*~tactically~*~*~ (stealth).
  3671 | D:4      | 3671 ||| Stepping ~*~*~tactically~*~*~ (hiding).
  3677 | D:4      | Reached skill level 6 in Axes
  3686 | D:4      | 3686 ||| FLEEEEING.
  3822 | D:4      | 3822 ||| Stepping ~*~*~tactically~*~*~ (stealth).
  3842 | D:4      | 3842 ||| FLEEEEING.
  3850 | D:4      | 3850 ||| FLEEEEING.
  3865 | D:4      | 3865 ||| FLEEEEING.
  3882 | D:4      | 3882 ||| Stepping ~*~*~tactically~*~*~ (hiding).
  3937 | D:4      | 3937 ||| Stepping ~*~*~tactically~*~*~ (stealth).
  3938 | D:4      | 3938 ||| Stepping ~*~*~tactically~*~*~ (stealth).
  3940 | D:4      | 3940 ||| Stepping ~*~*~tactically~*~*~ (hiding).
  3950 | D:4      | Reached XP level 6. HP: 18/35 MP: 10/10
  4132 | D:4      | 4132 ||| DROPPING +0 club.
  4478 | D:4      | 4478 ||| UPGRADING to +4 ring of evasion.
  4480 | D:4      | 4480 ||| DROPPING ring of protection from cold.
  4481 | D:4      | 4481 ||| READING scroll labelled RAOMPO PEXISU.
  4482 | D:4      | 4482 ||| READING scroll labelled ESOADO OMUIV.
  4483 | D:4      | 4483 ||| READING 4 scrolls of identify.
  4483 | D:4      | 4483 ||| IDENTIFYING sapphire potion
  4484 | D:4      | 4484 ||| READING 3 scrolls of identify.
  4484 | D:4      | 4484 ||| IDENTIFYING brown potion
  4485 | D:4      | 4485 ||| DROPPING potion of flight.
  4509 | D:5      | Entered Level 5 of the Dungeon
  4559 | D:5      | Found Mitwul's Armour Boutique.
  4566 | D:5      | 4566 ||| BUYING +0 pair of gloves (54 gold).
  4566 | D:5      | Bought a +0 pair of gloves for 54 gold pieces
  4566 | D:5      | 4566 ||| SHOPLISTING +3 chain mail of fire resistance (318
                  | gold, have 103).
  4638 | D:5      | Noticed a water moccasin
  4644 | D:5      | Killed a water moccasin
  4645 | D:5      | Reached skill level 7 in Axes
  4649 | D:5      | 4649 ||| Stepping ~*~*~tactically~*~*~ (hiding).
  4651 | D:5      | 4651 ||| Stepping ~*~*~tactically~*~*~ (hiding).
  4662 | D:5      | HP: 6/36 [orc priest/divine providence (9)]
  4663 | D:5      | Reached XP level 7. HP: 7/40 MP: 11/11
  4663 | D:5      | 4663 ||| READING scroll of teleportation.
  4664 | D:5      | Killed from afar by an orc priest

Levels and vault maps discovered:
D:1:      mushboom_english_gardens, layout_loops_corners,
          hellmonk_ecumenical_altar_arch_garden, skrybe_limestone_x,
          hangedman_decor_opposing, nicolae_concentric_dashed_squares_mild,
          minmay_pentomino_z2
D:2:      wander_river, layout_rooms, basic_altar
D:3:      layout_basic, grunt_temple_overflow_open, serial_shops,
          nicolae_shop_hallway_stairs, minmay_bisected
D:4:      cheibrodos_helix_gallery, layout_gridville, lemuel_crystal_altar,
          kennysheep_mini_moat, kennysheep_another_room
D:5:      layout_loops_ring, nicolae_wu_jian_glorious_leap, marbit_many_paths,
          minitemple, serial_shops, shop, uniq_edmund, uniq_duvessa

Skill      XL: |  1  2  3  4  5  6 |
---------------+-------------------+-----
Axes           | 3 4 5 6 7 |  7.2
Armour         | 2 |  2.2
Fighting       | |  2.9
Throwing       | |  1.0
Dodging        | |  2.1
Spellcasting   | |  2.0
Translocations | |  2.4

Action                   |  1- 3 |  4- 6 |  7- 9 || total
-------------------------+-------+-------+-------++-------
Melee: Hand axe          |    75 |    43 |       ||   118
       Kick              |    21 |    28 |       ||    49
       Peck              |     6 |    25 |     1 ||    32
       War axe           |       |   105 |     1 ||   106
       Punch             |       |     3 |       ||     3
Throw: Boomerang         |     7 |       |       ||     7
  Use: Scroll            |     4 |     8 |     1 ||    13
Armor: Scale mail        |    20 |    25 |       ||    45
       Leather armour    |     1 |       |       ||     1
       Chain mail        |       |    41 |     1 ||    42
Dodge: Dodged            |    35 |    52 |       ||    87

Table legend:
 A = Non-vault XP
 B = Vault XP
 C = Vault XP percentage of total XP
 D = Non-vault monster count
 E = Vault monster count
 F = Vault count percentage of total count
                 A         B        C        D         E       F
            +---------+---------+-------+---------+---------+-------
      Total |     556 |      66 |  10.6 |      81 |       4 |   4.7
            +---------+---------+-------+---------+---------+-------
        D:1 |      29 |       0 |   0.0 |      16 |       0 |   0.0
        D:2 |      61 |       0 |   0.0 |      22 |       0 |   0.0
        D:3 |      65 |       3 |   4.4 |      18 |       2 |  10.0
        D:4 |     126 |      63 |  33.3 |      19 |       2 |   9.5
        D:5 |     275 |       0 |   0.0 |       6 |       0 |   0.0
            +---------+---------+-------+---------+---------+-------
